ElectroGuy, lawful female human Valkyrie ---#----- ----- ---- ---- ---- --.-#.|..| --.|.--- |..| --- --- |..| --.)| |.<[.....| --......| --..----.--- --.--- |..| |.o@| |..----[-- |.......-- --.....|....--- |....-- --.------(--- ----.-- |.| ---.|......| |.............| |-....| |...||...| ---....| |.| |.>.|......| |.......-.....---.....-- ---.--.--- |...)..| |.| --.--|---...| |......................-- |....---- --- ---.|)...-- |.| |....| --..| |-.....-----.----.......-----..-.|.-- |.---...|-....-- |[| |....| ---- |.......| |.| ---.................| |.....---|.....| |.| --..-- --.....-| ---....--........-- --.....| |....-- |.|---..| ---....--- |............).-- --.|.-- ---..| |.||....--- ---....-- --.)............| |.|.| |^.| |.--.|....| --....| ----...^.......--------...| |..| |....|-...-- --...| ---....................| --..| |..---|....---- |...| --..........----.....| --...| |..| --..^...-- --.-- |...........||......-- |....-- |..-- |.......-- --- |.....|....--|.......| |.....| |...| ---......| |...----..-- ---.--.-- ---[..| |.*-- |....|.| --..| ---- ------ --..| ---- ---.---- ---- ---- --- ElectroGuy the Skirmisher Experience level: 4 Strength: 18 Dexterity: 14 Constitution: 18 Intelligence: 10 Wisdom: 8 Charisma: 8 Health: 0(42) Energy: 9(9) Def: 12 Gold: 440 Moves: 1520 Dungeon seed: Z67-HF3hTm2GQ980 Game ID: ElectroGuy_1577557477 Your Inventory: Coins $ - 440 gold pieces Amulets i - an uncursed amulet versus poison (being worn) Weapons a - a +1 long sword (weapon in hand) b - a +0 dagger Armor e - an uncursed +3 small shield (being worn) n - an uncursed +0 dwarvish cloak (being worn) q - an uncursed +0 dwarvish iron helm (being worn) r - an uncursed +0 leather armor (being worn) z - an uncursed +2 pair of iron shoes (being worn) Comestibles c - an uncursed partly eaten food ration Scrolls m - 2 uncursed scrolls of identify o - an uncursed scroll of confuse monster p - a cursed scroll of identify t - an uncursed scroll of create monster Potions k - a blessed potion of oil l - an uncursed potion of blindness Rings I - a cursed ring of cold resistance (on left hand) Wands j - a wand of opening (0:5) Tools f - an uncursed tin whistle u - an uncursed sack w - 5 blessed partly used wax candles (lit) (0:229) x - a blessed tallow candle (0:200) y - a +0 pick-axe G - an expensive camera (0:77) Contents of the sack: an uncursed spellbook of detect unseen an uncursed spellbook of dig a blessed spellbook of force bolt an uncursed spellbook of healing an uncursed spellbook of identify an uncursed spellbook of sleep an uncursed spellbook of slow monster an uncursed spellbook of stone to flesh an uncursed ring of teleportation an uncursed amber stone an uncursed amethyst stone an uncursed flint stone an uncursed luckstone an uncursed topaz stone an uncursed worthless piece of black glass 2 uncursed worthless pieces of blue glass an uncursed worthless piece of violet glass an uncursed worthless piece of yellow glass Spells and supernatural/magical abilities: Name Level Category Fail Memory W - pray for help -- divine ? -- Your skills at the end: Fighting Skills Weapon Skills dagger [Basic] long sword [Basic] Spellcasting Skills Final Attributes: You were piously aligned. You were cold resistant. You were poison resistant. You were stealthy. You are dead. Vanquished creatures: a kobold mummy a gray ooze a giant ant a floating eye a kitten a rothe a giant bat 2 dwarf zombies 2 werejackals a red mold 11 garter snakes a gecko 4 jackals a fox 2 goblins 2 grid bugs a lichen 5 newts 39 creatures vanquished. Voluntary challenges: You were an atheist. You used a wielded weapon 44 times, starting on turn 31. You read items or engraved 2 times, starting on turn 137. You never genocided any monsters. You never polymorphed an object. You never changed form. You used no wishes. You never split a pudding. You never wrote Elbereth's name. You never violated your personal moral code. Dungeon overview: The Dungeons of Doom: levels 1 to 2 Level 1 a fountain a long staircase Level 2 stairs to The Gnomish Mines The Gnomish Mines: Level 3 <- You were here stairs to The Dungeons of Doom History has recorded: On T:1 you entered the Dungeons of Doom to retrieve the Amulet of Yendor! On T:443 you reached level 2 of The Dungeons of Doom. On T:867 you reached level 1 of The Gnomish Mines. On T:890 you advanced to experience level 2. On T:1037 you advanced to experience level 3. On T:1163 you advanced to experience level 4. Score breakdown: Gold: 440 ( 8995 points) Experience: 4 levels ( 9649 points) Exploration: 3 levels ( 6.12%) ( 6123 points) Discoveries: 2 items ( 0.81%) ( 2705 points) Valuables value: (no points given unless you survive) Artifact value: 0 ( 0 points) Variety of kills: 18 monsters ( 4.72%) ( 6520 points) Turncount: 1520 turns ( 0 points) Survival: died (score multiplied by 80%) Total score: 27193 Latest messages: You read: "ElectroGuy, killed by a giant ant". You see here a food ration. You hit ElectroGuy's ghost! You miss ElectroGuy's ghost. You are almost hit by an arrow. You are now wearing an opal ring. Oops! That feels deathly cold. As you read the scroll, it disappears. A lit field surrounds you! The hobgoblin swings his dwarvish mattock. The hobgoblin hits! The bottle crashes on the hobgoblin's head and breaks into shards. The brilliant blue potion evaporates. The hobgoblin looks sound and hale again. (You can name a brilliant blue potion from the item naming menu.) The hobgoblin swings his dwarvish mattock. The hobgoblin hits! You die... Final status: Farvel ElectroGuy the Valkyrie, killed by a hobgoblin... You died in The Gnomish Mines on dungeon level 3 with 27193 points, and 440 pieces of gold, after 1520 moves. You were level 4 with a maximum of 42 hit points when you died.